 Dungeon Crawl Stone Soup version 0.20-a0-313-g10ed074 (webtiles) character file.

26 AlphabetPasta the Bolt Thrower (level 3, -1/20 HPs)
             Began as a Kobold Arcane Marksman on Dec 19, 2016.
             Slain by a kobold
             ... wielding a cursed +0 short sword
              (2 damage)
             ... on level 1 of the Dungeon.
             The game lasted 00:04:25 (1166 turns).

AlphabetPasta the Bolt Thrower (KoAM)               Turns: 1166, Time: 00:04:26

Health: -1/20      AC:  3    Str: 13    XL:     3   Next: 22%
Magic:  4/4        EV: 15    Int: 14    God:
Gold:   62         SH:  0    Dex: 15    Spells: 1/4 levels left

rFire  . . .     SeeInvis .     a - +0 short sword
rCold  . . .     Gourm    .     e - +0 robe
rNeg   . . .     Faith    .     (shield restricted)
rPois  .         Spirit   .     (no helmet)
rElec  .         Reflect  .     (no cloak)
rCorr  .         Harm     .     h - +0 pair of gloves
MR     .....                    (no boots)
Stlth  +.........               (no amulet)
                                (no ring)
                                (no ring)

@: mighty
A: carnivore 3
a: no special abilities


You were on level 1 of the Dungeon.
You were not hungry.

You visited 1 branch of the dungeon, and saw 1 of its levels.

You collected 62 gold pieces.

Inventory:

Hand Weapons
 a - a +0 short sword (weapon)
 b - a +0 hand crossbow
Missiles
 d - 19 bolts
Armour
 e - a +0 robe (worn)
 h - a +0 pair of gloves (worn)
Scrolls
 i - a scroll of enchant armour {unknown}
Books
 c - a book of Debilitation

   Spells                             Type                      Level
   a - Corona                         Hexes                        1
   b - Slow                           Hexes                        2
   c - Gell's Gravitas                Hexes/Translocation          3
   d - Inner Flame                    Hexes/Fire                   3
   e - Cause Fear                     Hexes                        4
   f - Leda's Liquefaction            Hexes/Earth                  4
Comestibles
 f - a meat ration


   Skills:
 + Level 1.4 Fighting
 + Level 0.3 Short Blades
 * Level 3.3 Crossbows
 + Level 2.8 Dodging
 + Level 0.0 Stealth
 + Level 1.3 Spellcasting
 + Level 3.1 Hexes


You had one spell level left.
You knew the following spells:

 Your Spells              Type           Power        Failure   Level  Hunger
a - Corona                Hex            #......      10%         1    ##.....
b - Slow                  Hex            #.......     14%         2    ###....


Dungeon Overview and Level Annotations

Branches:
Dungeon (1/15)

Altars:


Innate Abilities, Weirdness & Mutations

You are small and have problems with some larger weapons.
You are carnivorous and can eat meat at any time.


Message History

The dart slug launches a dart at you. The slug dart hits you!
You hit the dart slug.
The dart slug is moderately wounded.
The dart slug bites you.
You hit the dart slug but do no damage.
The dart slug is moderately wounded.
The kobold hits you with a short sword.
* * * LOW HITPOINT WARNING * * *
The kobold misses you. The dart slug launches a dart at you.
The slug dart hits you!
* * * LOW HITPOINT WARNING * * *
The goblin shouts!
The kobold completely misses you.
It was a potion of might.
You feel very mighty all of a sudden. The kobold misses you.
You barely miss the kobold. The kobold hits you with a short sword.
You die...

#.#######....#.#.#.#≈≈≈#≈#≈.'.###
.............#)###.#≈##≈#≈###....
##.####...#'##.#...#≈≈#≈#≈###.#..
##.####...#....#.#.+≈<#≈#≈≈.#.#..
..>................#≈≈≈≈###.#.###
##.######......#.#.#≈##≈#.#.#.###
#.#....+.....[..#.#≈≈≈≈#...#.#..
#.#....#...##.###.######'###....
#.+....'.....wK@................
###....#.#.##g##############.#..
####....#.#........# #.#.#
........#.#........# #.#.#
#########.#........## #.#.#
..........#.........# #.#.#
###########.........# ##.#.#
#........#.≈≈≈..# #.....
#.##.....#.≈)≈.###### ##.#.#


You could see a dart slug, a goblin and a kobold.

Vanquished Creatures
  An ooze (D:1)
  A dart slug (D:1)
  2 leopard geckos (D:1)
  4 bats (D:1)
  A giant cockroach (D:1)
  2 goblins (D:1)
  A hobgoblin (D:1)
  A kobold (D:1)
  6 rats (D:1)
19 creatures vanquished.

Notes
Turn   | Place    | Note
-------+----------+-------------------------------------------
     0 | D:1      | AlphabetPasta the Kobold Arcane Marksman began the quest for the Orb.
     0 | D:1      | Reached XP level 1. HP: 12/12 MP: 2/2
   188 | D:1      | Reached XP level 2. HP: 16/16 MP: 3/3
   246 | D:1      | Learned a level 2 spell: Slow
   526 | D:1      | Reached XP level 3. HP: 4/20 MP: 4/4
  1162 | D:1      | HP: 1/20 [dart slug/slug dart (5)]
  1166 | D:1      | Slain by a kobold

Vault maps used:
D:1:      ncdulo_wetmaze, minmay_crystal_water, corexii_item_surrounded_by_moat

Skill      XL: |  1  2 |
---------------+-------+-----
Crossbows      | 3 |  3.3
Fighting       | |  1.4
Short Blades   | |  0.3
Dodging        | |  2.8
Spellcasting   | |  1.3
Hexes          | |  3.1

Action                   || total
-------------------------++-------
Melee: Short sword       ||    56
 Fire: Hand crossbow     ||    26
  Use: Scroll            ||     2
       Potion            ||     1
 Stab: Sleeping          ||     1
  Eat: Chunk             ||     2
Armor: Robe              ||    16
Dodge: Dodged            ||    60
